 Dungeon Crawl Stone Soup version 0.28-a0-667-g162e43154e (webtiles) character file.

Game seed: 3237199977123527958

74 Johnny the Slasher (level 4, 0/55 HPs)
             Began as a Human Berserker on Oct 17, 2021.
             Was a Believer of Trog.
             Succumbed to a kobold's poison
             ... on level 2 of the Dungeon.
             The game lasted 00:01:10 (1990 turns).

Johnny the Slasher (Human Berserker)                Turns: 1990, Time: 00:01:11

Health: 0/55       AC:  2    Str: 19    XL:     4   Next: 52%
Magic:  4/4        EV: 12    Int:  7    God:    Trog [**....]
Gold:   72         SH:  0    Dex: 12    Spells: 3/3 levels left

rFire   . . .      SeeInvis .   a - +0 falchion
rCold   . . .      Faith    .   (no shield)
rNeg    . . .      Spirit   .   b - +0 animal skin
rPois   .          Reflect  .   (no helmet)
rElec   .          Harm     .   (no cloak)
rCorr   .          Rampage  .   (no gloves)
Will    .....                   (no boots)
Stlth   ..........              (no amulet)
HPRegen 0.18/turn               (no ring)
MPRegen 0.09/turn               (no ring)

@: berserking (expiring), lethally poisoned (0 -> -9), very quick
A: no striking features
a: Renounce Religion, Berserk, Trog's Hand


You were on level 2 of the Dungeon.
You worshipped Trog.
Trog was pleased with you.
You visited 1 branch of the dungeon, and saw 2 of its levels.

You collected 72 gold pieces.

Inventory:

Hand Weapons
 a - a +0 falchion (weapon)
Armour
 b - a +0 animal skin (worn)
Scrolls
 c - a scroll of amnesia {unknown}
 g - a scroll of enchant armour {unknown}
 h - a scroll of fear {unknown}
 i - a scroll of silence {unknown}
 j - a scroll of identify {unknown}
 k - a scroll of fog {unknown}
Potions
 d - 2 potions of curing {unknown}
 e - a potion of flight {unknown}
 f - a potion of mutation {unknown}


   Skills:
 + Level 3.7 Fighting
 * Level 4.4 Long Blades
 - Level 2.0 Armour
 - Level 2.0 Dodging


You had 3 spell levels left.
You didn't know any spells.
Your spell library was empty.

Dungeon Overview and Level Annotations

Branches:
Dungeon (2/15)

Altars:

Shops:
D:1 !


Message History

The kobold shouts!
The kobold throws a stone.
The stone hits you but does no damage. The kobold closely misses you.
You hit the kobold but do no damage.
The kobold hits you with a +0 short sword of venom.
You closely miss the kobold. The kobold closely misses you.
You hit the kobold but do no damage.
The kobold hits you with a +0 short sword of venom.
You are poisoned.
The kobold hits you with a +0 short sword of venom.
You are lethally poisoned!
You are too injured to fight recklessly!
You are too injured to fight recklessly!
A red film seems to cover your vision as you go berserk!
You feel yourself moving faster!
You feel mighty!
You feel very sick. The kobold closely misses you.
You closely miss the kobold.
You feel sick.
You closely miss the kobold.
You feel very sick.
The kobold hits you with a +0 short sword of venom.
* * * LOW HITPOINT WARNING * * *
You closely miss the kobold.
You feel sick. The kobold hits you but does no damage.
You are lethally poisoned!
You hit the kobold.
The kobold is moderately wounded.
* * * LOW HITPOINT WARNING * * *
You feel very sick.
The kobold hits you with a +0 short sword of venom.
* * * LOW HITPOINT WARNING * * *
You closely miss the kobold.
The kobold is moderately wounded.
* * * LOW HITPOINT WARNING * * *
You feel sick.
Unknown command.
* * * LOW HITPOINT WARNING * * *
You feel sick.
You feel a strong urge to attack something.
You die...

########## #.........
######.########
#.#######..............
#..†..@.K.........####.
#####.##..##.#.##.#####
##...#..##.#.##......
##.......##.#.#######.
#........##.#.# #.
##......##..#.# #. #.#
##...#.##.##.# #.
#.######...#.##.##.# #g
#.##.....#...##.##.#######.


You could see a kobold.

Vanquished Creatures
  2 gnolls (D:1)
  3 adders (D:2)
  A worm (D:2)
  2 dart slugs (D:1)
  2 endoplasms (D:1)
  A goblin (D:1)
  A hobgoblin (D:1)
  A kobold (D:1)
  3 ball pythons (D:1)
  5 bats
  A frilled lizard (D:1)
  2 rats
24 creatures vanquished.

Notes
Turn   | Place    | Note
-------+----------+-------------------------------------------
     0 | D:1      | Johnny the Human Berserker began the quest for the Orb.
     0 | D:1      | Reached XP level 1. HP: 18/18 MP: 1/1
   147 | D:1      | Found Eclifur's Distillery.
   168 | D:1      | Reached XP level 2. HP: 7/24 MP: 2/2
   575 | D:1      | Reached XP level 3. HP: 20/29 MP: 3/3
  1240 | D:1      | Reached skill level 4 in Long Blades
  1378 | D:2      | Reached XP level 4. HP: 30/36 MP: 4/4
  1439 | D:2      | Reached ** piety under Trog
  1989 | D:2      | HP: 1/55 [poisoned by a kobold]
  1990 | D:2      | Succumbed to a kobold's poison

Illustrated notes

Levels and vault maps discovered:
D:1:      dpeg_arrival_radiant, layout_basic, serial_shops, shop
D:2:      layout_loops_ring

Skill      XL: |  1  2  3 |
---------------+----------+-----
Long Blades    | 4 |  4.4
Fighting       | |  3.7
Armour         | |  2.0
Dodging        | |  2.0

Action                   |  1- 3 |  4- 6 || total
-------------------------+-------+-------++-------
Melee: Falchion          |    56 |    23 ||    79
Invok: Berserk           |     3 |     2 ||     5
 Stab: Sleeping          |     1 |       ||     1
Armor: Animal skin       |    22 |     4 ||    26
Dodge: Dodged            |    49 |    15 ||    64

Table legend: (Time is in decaauts)
 A = Elapsed time spent in this place.
 B = Non-inter-level travel time spent in this place.
 C = Inter-level travel time spent in this place.
 D = Time resting spent in this place.
 E = Time spent auto-exploring this place.
 F = Levels seen in this place.
 G = Mean time per level.
                   A        B        C        D        E       F      G
               +--------+--------+--------+--------+--------+-----+--------+
         Total |   2034 |   1946 |     88 |    166 |   1540 |   2 | 1017.0 |
       Dungeon |   2034 |   1946 |     88 |    166 |   1540 |   2 | 1017.0 |
               +--------+--------+--------+--------+--------+-----+--------+

Top non-repeatable levels by time:
     D:1: 1409 daAuts
     D:2: 624 daAuts
